 Dungeon Crawl Stone Soup version 0.19.3-1-g3169bf9 (webtiles) character file.

275582 JeffiDaFish the Peltast (level 20, -3/131 HPs)
             Began as a Gargoyle Fighter on Jan 24, 2017.
             Was the Champion of Makhleb.
             Slain by a deep troll simulacrum (26 damage)
             ... on level 3 of the Vaults.
             The game lasted 01:48:53 (34881 turns).

JeffiDaFish the Peltast (Gargoyle Fighter)         Turns: 34881, Time: 01:48:54

Health: -3/131     AC: 47    Str: 26    XL:     20   Next: 34%
Magic:  31/31      EV:  8    Int: 12    God:    Makhleb [******]
Gold:   740        SH: 27    Dex: 18    Spells: 2 memorised, 25 levels left

rFire  . . .     SeeInvis .     K - +8 flail (flame)
rCold  . . .     Gourm    .     w - +2 plate armour
rNeg   + . .     Faith    .     r - +0 large shield
rPois  ∞         Spirit   .     H - +2 helmet
rElec  +         Reflect  +     i - +2 cloak
rCorr  .         Harm     .     n - +1 pair of gloves
MR     +....                    m - +1 pair of boots
Stlth  ..........               I - +5 amulet of reflection
                                Q - ring "Sijeab" {Dex+4 Stlth-}
                                D - +5 ring of strength

@: flying
A: big wings, talons 1, negative energy resistance 1, electricity resistance,
unbreathing, petrification resistance, rot immunity, AC +15
a: Stop Flying, Minor Destruction, Lesser Servant of Makhleb, Major Destruction,
Greater Servant of Makhleb, Renounce Religion
}: 2/15 runes: decaying, serpentine


You were on level 3 of the Vaults.
You worshipped Makhleb.
Makhleb was exalted by your worship.
You were hungry.

You visited 7 branches of the dungeon, and saw 35 of its levels.
You also visited: Labyrinth, Ossuary and Volcano.

You collected 3260 gold pieces.
You spent 2520 gold pieces at shops.

Inventory:

Hand Weapons
 C - a +2 morningstar of distortion
 K - a +8 flail of flaming (weapon)
Armour
 i - a +2 cloak (worn)
 m - a +1 pair of boots (worn)
 n - a +1 pair of gloves (worn)
 r - a +0 large shield (worn)
 w - a +2 plate armour (worn)
 H - a +2 helmet (worn)
Jewellery
 D - a +5 ring of strength (left hand)
 I - a +5 amulet of reflection (around neck)
 Q - the ring "Sijeab" (right hand) {Dex+4 Stlth-}
   (You found it on level 1 of the Vaults)

   [ring of loudness]

   It affects your dexterity (+4).
   It makes you less stealthy.
Wands
 e - a wand of teleportation (2/9)
 o - a wand of hasting (2/9)
Scrolls
 g - 13 scrolls of teleportation
 k - 5 scrolls of recharging
 v - a scroll of holy word
 y - 3 scrolls of magic mapping
 A - 7 scrolls of amnesia
 B - 18 scrolls of identify
 E - 2 scrolls of blinking
 F - 8 scrolls of remove curse
 L - a scroll of summoning
 M - 2 scrolls of fog
 P - a scroll of enchant armour
Potions
 c - a potion of berserk rage
 d - a potion of invisibility
 l - 14 potions of curing
 q - a potion of cure mutation
 s - 2 potions of brilliance
 t - 2 potions of heal wounds
 u - 3 potions of ambrosia
 J - a potion of resistance
 R - a potion of agility
Books
 x - a book of Clouds

   Spells                             Type                      Level
   a - Mephitic Cloud                 Conjuration/Poison/Air       3
   b - Conjure Flame                  Conjuration/Fire             3
   c - Poisonous Cloud                Conjuration/Poison/Air       6
   d - Freezing Cloud                 Conjuration/Ice/Air          6
   e - Ring of Flames                 Charms/Fire                  7
 G - Roxanne's Tome of Clay
   (You took it off Roxanne on level 1 of the Snake Pit)

   Spells                             Type                      Level
   a - Stone Arrow                    Conjuration/Earth            3
   b - Bolt of Magma                  Conjuration/Fire/Earth       5
   c - Lee's Rapid Deconstruction     Earth                        5
   d - Statue Form                    Transmutation/Earth          6
 N - Xiag's Almanac of Flying Confrontation
   (You found it on level 3 of the Swamp)

   Spells                             Type                      Level
   a - Magic Dart                     Conjuration                  1
   b - Flame Tongue                   Conjuration/Fire             1
   c - Bolt of Draining               Conjuration/Necromancy       5
   d - Poisonous Cloud                Conjuration/Poison/Air       6
 O - a book of Unlife

   Spells                             Type                      Level
   a - Recall                         Summoning/Translocation      3
   b - Animate Dead                   Necromancy                   4
   c - Control Undead                 Necromancy                   4
   d - Cigotuvi's Embrace             Necromancy                   5
   e - Death Channel                  Necromancy                   6
   f - Simulacrum                     Ice/Necromancy               6
 S - a book of Debilitation

   Spells                             Type                      Level
   a - Corona                         Hexes                        1
   b - Slow                           Hexes                        2
   c - Gell's Gravitas                Hexes/Translocation          3
   d - Inner Flame                    Hexes/Fire                   3
   e - Cause Fear                     Hexes                        4
   f - Leda's Liquefaction            Hexes/Earth                  4
Miscellaneous
 z - a phial of floods
Comestibles
 a - 7 beef jerkies
 b - 13 chunks of flesh
 f - 26 bread rations
 h - 21 fruits
 j - 17 meat rations
 p - 8 slices of pizza


   Skills:
 * Level 16.1 Fighting
 * Level 16.5 Maces & Flails
 * Level 16.5 Armour
 - Level 2.3 Dodging
 - Level 2.1 Stealth
 * Level 17.1 Shields
 + Level 7.9 Spellcasting
 + Level 9.6 Conjurations
 + Level 7.3 Air Magic
 + Level 6.9 Earth Magic
 + Level 8.7 Poison Magic
 - Level 0.1 Evocations


You had 25 spell levels left.
You knew the following spells:

 Your Spells              Type           Power        Failure   Level  Hunger
a - Poisonous Cloud       Conj/Pois/Air  ####......   100%        6    #######
b - Stone Arrow           Conj/Erth      ###...       28%         3    ##.....


Dungeon Overview and Level Annotations

Branches:
Dungeon (15/15)            Temple (1/1) D:4            Lair (6/6) D:8
  Swamp (4/4) Lair:3        Snake (4/4) Lair:2        Slime (0/5) Lair:5
    Orc (2/2) D:9             Elf (0/3) Orc:2        Vaults (3/5) D:13
  Crypt (0/3) Vaults:2     Depths (0/5) D:15

Altars:
Ashenzari
Cheibriados
Dithmenos
Elyvilon
Fedhas
Gozag
Hepliaklqana
Kikubaaqudgha
Makhleb
Nemelex Xobeh
Okawaru
Qazlal
Ru
Sif Muna
Trog
Uskayaw
Vehumet
Xom
Yredelemnul
Zin
The Shining One
Beogh

Shops:
D:6 !   D:11 =   Orc:1 (   Orc:2 *([*   Snake:2 ==}   Snake:3 **   Snake:4 ((

Annotations:
Lair:5 exclusion: 3 oklob plants


Innate Abilities, Weirdness & Mutations

You are resistant to torment.
Your stone body is resilient. (AC +15)
You are immune to poison.
Your large and strong wings let you fly indefinitely.
You resist negative energy. (rN+)
You are resistant to electric shocks. (rElec)
You can survive without breathing.
You are immune to petrification.
You are immune to rotting.
You have sharp toenails.


Message History

You block the stone giant skeleton's attack.
You block the deep troll simulacrum's attack. x3
You block the ironbrand convoker zombie's attack.
The ironheart preserver hits you with a flail!
The ettin zombie barely misses you. You block the ettin zombie's attack.
The ironheart preserver simulacrum hits you but does no damage.
The yaktaur captain simulacrum hits you.
The yaktaur captain simulacrum freezes you!!
* * * LOW HITPOINT WARNING * * *
You sock the deep troll simulacrum!
You melt the deep troll simulacrum.
The deep troll simulacrum is severely damaged.
The frost giant zombie hits you but does no damage.
You block the stone giant skeleton's attack.
The ironbrand convoker zombie hits you but does no damage.
The deep troll simulacrum bites you but does no damage.
You block the deep troll simulacrum's attack.
The deep troll simulacrum claws you!
* * * LOW HITPOINT WARNING * * *
The deep troll simulacrum freezes you!!
You die...

............
...........#
...........#
...........#
...........# #....
.......e...# #....
.....TZZZ..# +....
.....TZ@p..# #....
......ZZZ..# #....
...........# #...(
...........# #....
...........# #....
...........#########....
........................
........................
.......................


You could see an ironheart preserver, a deep troll, a deep elf knight, a deep
troll earth mage, a yaktaur captain simulacrum, a deep troll simulacrum, an
ironheart preserver simulacrum, an ettin zombie, a frost giant zombie, an
ironbrand convoker zombie and a stone giant skeleton.

Vanquished Creatures
  Nikola (Vaults:1)
  A bone dragon (Swamp:4)
  2 thorn hunters
  The ghost of antares the Stormcaller, an adept HEAE of Qazlal (Snake:1)
  Roxanne (Snake:1)
  A fire giant (Vaults:1)
  11 nagarajas
  A frost giant (Vaults:1)
  The ghost of unrecovered the Grappler, a journeyman DrTm of Elyvilon (Swamp:1)
  An orc warlord (Orc:2)
  Aizul (Snake:4)
  4 vault wardens
  2 stone giants
  6 ironheart preservers
  The ghost of Snu the Maledictor, an adept FeEn of Dithmenos (Vaults:1)
  2 very ugly things (Vaults:1)
  2 deep elf demonologists
  A red draconian (Volcano)
  2 ettins
  Josephine (D:10)
  Snorg (Lair:3)
  A minotaur (Lab)
  A yaktaur captain (Vaults:2)
  2 fire dragons
  2 great orbs of eyes (Vaults:1)
  10 ogre magi
  11 hydras
  A vault guard (Vaults:1)
  A catoblepas (Lair:6)
  18 naga warriors
  15 anacondas
  2 death knights (Vaults:2)
  5 alligators
  4 centaur warriors
  6 ghost crabs
  9 death yaks
  2 deep troll shamans
  A deep troll earth mage (Vaults:3)
  2 tengu warriors (D:15)
  Urug (Lair:3)
  8 naga sharpshooters
  6 shock serpents
  An orc high priest (Orc:2)
  A deep elf knight (Vaults:2)
  A salamander mystic (Snake:3)
  A fire crab (shapeshifter) (Vaults:3)
  A shadow wraith (Vaults:2)
  A glowing orange brain (Vaults:2)
  2 unseen horrors
  6 deep trolls
  9 naga ritualists
  2 deep elf archers (Vaults:2)
  2 swamp dragons
  4 spectral hydras (Swamp:4)
  2 spriggan druids
  6 ironbrand convokers
  4 wizards
  9 harpies
  6 hill giants
  A wolf spider (Vaults:1)
  Pikel (D:4)
  8 orc knights
  12 mana vipers
  2 necromancers
  13 ugly things
  A wolf spider zombie (D:9)
  6 orc sorcerers
  6 manticores
  9 salamanders
  6 cyclopes
  11 deep elf magi
  A shining eye (shapeshifter) (Vaults:2)
  14 elephants (Lair:6)
  42 black mambas
  5 guardian serpents
  27 naga magi
  A torpor snail (shapeshifter) (Vaults:1)
  19 spiny frogs
  Psyche (D:8)
  A black mamba (shapeshifter) (Vaults:2)
  A yaktaur zombie (Vaults:1)
  2 molten gargoyles
  A torpor snail (Lair:6)
  6 gargoyles
  A swamp worm zombie (Swamp:4)
  8 vault sentinels
  A rime drake (Lair:3)
  A spiny frog (shapeshifter) (D:13)
  11 yaktaurs
  3 freezing wraiths
  An efreet (D:15)
  6 komodo dragons
  A tengu conjurer (D:15)
  5 hydra zombies (Swamp:4)
  A jumping spider (shapeshifter) (D:13)
  3 polar bears
  6 trolls
  21 two-headed ogres
  7 tyrant leeches
  10 hornets
  5 alligator zombies (Swamp:4)
  2 spectral swamp dragons (Swamp:4)
  25 blink frogs
  A minotaur skeleton (Lab)
  10 hippogriffs
  6 bog bodies
  A human simulacrum (Vaults:1)
  A dream sheep (shapeshifter) (Vaults:1)
  25 slime creatures
  A fire giant simulacrum (Vaults:2)
  2 shadows
  An ice dragon skeleton (Vaults:1)
  A water elemental (D:15)
  A redback (Lab)
  A wyvern (D:14)
  30 yaks
  4 basilisks
  6 wraiths
  A yak (shapeshifter) (Vaults:1)
  5 spriggans
  A human (D:10)
  Eustachio (D:4)
  3 hogs (D:10)
  4 fire bats
  2 hungry ghosts
  A hill giant zombie (D:9)
  23 vampire mosquitoes
  The ghost of Amaryllis the Bolt Thrower, an amateur DsHu (D:3)
  3 wargs
  10 insubstantial wisps
  2 mottled dragons
  21 swamp worms
  5 water moccasins
  70 nagas
  An ogre skeleton (Vaults:1)
  8 porcupines
  6 swamp drakes
  3 ice beasts
  2 sky beasts (D:9)
  2 swamp dragon zombies (Swamp:4)
  A hornet zombie (D:14)
  34 orc warriors
  9 phantoms
  An eye of draining (D:13)
  A black bear (Lair:6)
  37 ogres
  22 wolves
  A boggart (Vaults:3)
  10 crocodiles
  12 centaurs
  2 big kobolds
  18 bullfrogs
  A wyvern zombie (D:15)
  7 scorpions
  21 killer bees
  A troll skeleton (Lab)
  11 wights
  6 electric eels
  2 crimson imps
  5 lava snakes (Volcano)
  6 centaur zombies
  5 jellies
  2 bullfrog zombies
  20 orc wizards
  14 orc priests
  A bullfrog skeleton (D:6)
  6 hounds
  5 centaur skeletons
  4 iguanas
  A spectral swamp drake (Swamp:4)
  8 worker ants
  4 big kobold zombies (Ossuary)
  5 ogre zombies (D:9)
  4 mummies (Ossuary)
  A hound skeleton (D:7)
  A howler monkey zombie (D:10)
  A swamp drake zombie (Swamp:4)
  10 adders
  4 gnolls (Orc:2)
  4 shadow imps
  A white imp (D:15)
  2 ufetubi (D:15)
  An adder zombie (D:7)
  2 dart slugs
  5 leopard geckos
  88 orcs
  4 ball pythons
  5 giant cockroaches
  12 goblins
  9 hobgoblins
  2 jackals (D:5)
  12 kobolds
  2 quokkas (D:2)
  A ball python zombie (D:6)
  10 bats
  7 frilled lizards
  A giant cockroach zombie (D:5)
  A goblin skeleton (D:9)
  2 goblin zombies (D:9)
  A hobgoblin zombie (D:9)
  A jackal zombie (D:5)
  3 orc skeletons (D:9)
  12 orc zombies (D:9)
  A quokka zombie (D:8)
  5 rats
  2 plants (Lair:6)
1291 creatures vanquished.

Vanquished Creatures (collateral kills)
  An ogre (D:9)
1 creature vanquished.

Vanquished Creatures (others)
  A very ugly thing (Vaults:1)
  A yaktaur captain (Vaults:2)
  A hydra (Swamp:4)
  5 naga sharpshooters
  A cyclops (Vaults:1)
  A necromancer (D:13)
  A naga mage (Snake:4)
  2 yaktaurs (Vaults:2)
  A spriggan (Swamp:4)
  A fire bat (Lair:3)
  3 insubstantial wisps (Swamp:4)
  A naga (Snake:4)
  3 centaurs
  An orc priest (Vaults:2)
  A worker ant (D:4)
  A ball python (D:4)
  3 fungi (Lair:6)
  29 plants
57 creatures vanquished.

Grand Total: 1349 creatures vanquished

Notes
Turn   | Place    | Note
-------+----------+-------------------------------------------
     0 | D:1      | JeffiDaFish the Gargoyle Fighter began the quest for the Orb.
     0 | D:1      | Reached XP level 1. HP: 14/14 MP: 1/1
   151 | D:1      | Reached XP level 2. HP: 18/19 MP: 2/2
   392 | D:1      | Reached XP level 3. HP: 18/23 MP: 3/3
   818 | D:1      | Gained mutation: Your spells are a little easier to cast, but a little less powerful. [potion of mutation]
   818 | D:1      | Gained mutation: You are partially covered in yellow scales. (AC +2) [potion of mutation]
   979 | D:2      | Reached skill level 4 in Shields
  1001 | D:2      | Found a faded altar of an unknown god.
  1128 | D:2      | Reached XP level 4. HP: 29/29 MP: 4/4
  1205 | D:2      | Lost mutation: You are partially covered in yellow scales. (AC +2) [potion of cure mutation]
  1205 | D:2      | Lost mutation: Your spells are a little easier to cast, but a little less powerful. [potion of cure mutation]
  1701 | D:3      | Noticed Amaryllis's ghost (amateur DsHu)
  1709 | D:3      | Killed Amaryllis's ghost
  1709 | D:3      | Reached XP level 5. HP: 28/33 MP: 5/5
  2144 | D:3      | Reached XP level 6. HP: 38/38 MP: 6/6
  2240 | D:4      | Found a staircase to the Ecumenical Temple.
  2246 | D:4      | Noticed Pikel
  2266 | D:4      | Noticed a slave
  2269 | D:4      | Killed Pikel
  2269 | D:4      | Reached skill level 5 in Maces & Flails
  2269 | D:4      | Reached skill level 5 in Armour
  2269 | D:4      | Reached skill level 5 in Shields
  2269 | D:4      | Reached XP level 7. HP: 38/44 MP: 7/7
  2294 | D:4      | Noticed Eustachio
  2315 | D:4      | Killed Eustachio
  2315 | D:4      | Reached XP level 8. HP: 28/48 MP: 8/8
  2747 | Temple   | Entered the Ecumenical Temple
  2842 | Temple   | Became a worshipper of Makhleb the Destroyer
  3168 | D:5      | Entered Level 5 of the Dungeon
  3472 | D:5      | Reached skill level 5 in Fighting
  3615 | D:5      | Reached skill level 6 in Shields
  3635 | D:5      | Reached skill level 1 in Stealth
  4111 | D:6      | Found Pacif's Distillery.
  4215 | D:6      | Reached * piety under Makhleb
  4615 | D:7      | Reached skill level 1 in Dodging
  4622 | D:7      | Reached XP level 9. HP: 29/54 MP: 5/9
  4981 | D:7      | Found a sand-covered staircase.
  4995 | Ossuary  | Entered an ossuary
  5017 | Ossuary  | Reached skill level 7 in Shields
  5746 | D:8      | Reached ** piety under Makhleb
  5784 | D:8      | Noticed a komodo dragon
  5790 | D:8      | Found a staircase to the Lair.
  5803 | D:8      | Killed a komodo dragon
  5883 | D:8      | Reached skill level 8 in Shields
  5939 | D:8      | Reached XP level 10. HP: 44/60 MP: 5/10
  5992 | D:8      | Noticed Psyche
  6069 | D:8      | Killed Psyche
  6310 | Lair:1   | Entered Level 1 of the Lair of Beasts
  6476 | Lair:1   | Noticed a spiny frog
  6499 | Lair:1   | Killed a spiny frog
  6633 | Lair:1   | Noticed an eight-headed hydra
  6647 | Lair:1   | Killed an eight-headed hydra
  6986 | Lair:1   | Reached skill level 9 in Shields
  7070 | Lair:1   | Reached skill level 10 in Maces & Flails
  7107 | Lair:1   | Reached XP level 11. HP: 63/67 MP: 11/11
  7885 | Lair:2   | Reached *** piety under Makhleb
  7994 | Lair:2   | Noticed a six-headed hydra
  8007 | Lair:2   | Killed a six-headed hydra
  8007 | Lair:2   | Reached skill level 10 in Shields
  8162 | Lair:2   | Got a crude long sword
  8163 | Lair:2   | Identified the cursed +0 long sword of Holyna {slice, *Corrode Dex+5} (You found it on level 2 of the Lair of Beasts)
  8493 | Lair:2   | Reached skill level 10 in Armour
  8604 | Lair:2   | Found a staircase to the Snake Pit.
  8794 | Lair:3   | Noticed Snorg
  8807 | Lair:3   | Killed Snorg
  8807 | Lair:3   | Reached XP level 12. HP: 70/75 MP: 12/12
  8933 | Lair:3   | Noticed Urug
  8966 | Lair:3   | Killed Urug
  9010 | Lair:3   | Reached skill level 11 in Shields
  9073 | Lair:3   | Found a dark tunnel.
  9086 | Volcano  | Entered a volcano
  9618 | Volcano  | Found a burning altar of Makhleb.
  9618 | Volcano  | Noticed an ogre mage
  9637 | Volcano  | Reached **** piety under Makhleb
  9639 | Volcano  | Killed an ogre mage
  9654 | Volcano  | Noticed a red draconian
  9663 | Volcano  | Killed a red draconian
  9879 | Lair:3   | Found a staircase to the Swamp.
 10610 | Lair:4   | Reached skill level 10 in Fighting
 10989 | Lair:4   | Learned a level 6 spell: Poisonous Cloud
 11521 | Lair:5   | Reached skill level 12 in Shields
 11521 | Lair:5   | Reached XP level 13. HP: 82/82 MP: 13/13
 11695 | Lair:5   | Reached skill level 1 in Conjurations
 11841 | Lair:5   | Found a staircase to the Slime Pits.
 11946 | Lair:5   | Reached skill level 1 in Spellcasting
 11975 | Lair:5   | Reached skill level 1 in Air Magic
 12051 | Lair:5   | Reached skill level 1 in Poison Magic
 12400 | Lair:6   | Entered Level 6 of the Lair of Beasts
 12656 | Lair:6   | Reached ***** piety under Makhleb
 13445 | Lair:6   | Gained mutation: Your large and strong wings let you fly indefinitely. [Gargoyle growth]
 13445 | Lair:6   | Reached XP level 14. HP: 90/90 MP: 15/17
 14276 | D:9      | Found a staircase to the Orcish Mines.
 14315 | D:9      | Paralysed by fainting for 12 turns
 14735 | D:9      | Reached ****** piety under Makhleb
 15053 | D:10     | Entered Level 10 of the Dungeon
 15084 | D:10     | Noticed Josephine
 15105 | D:10     | Killed Josephine
 15305 | D:10     | Reached skill level 13 in Shields
 16093 | D:11     | Found Usozotsa's Jewellery Emporium.
 16116 | D:11     | Bought a +5 ring of strength for 576 gold pieces
 16116 | D:11     | Bought a +5 amulet of reflection for 350 gold pieces
 16334 | D:11     | Found a labyrinth entrance.
 16342 | Lab      | Entered a labyrinth
 16575 | Lab      | Identified the Handbook of the Entourage and Darkness
 18459 | D:13     | Found a gate to the Vaults.
 18719 | D:13     | Reached XP level 15. HP: 84/96 MP: 20/20
 19902 | D:14     | Reached skill level 5 in Conjurations
 20179 | D:15     | Entered Level 15 of the Dungeon
 20568 | D:15     | Reached skill level 5 in Poison Magic
 20879 | D:15     | Reached skill level 14 in Shields
 20898 | D:15     | Paralysed by an ogre mage for 7 turns
 20908 | D:15     | Found a staircase to the Depths.
 21380 | Orc:1    | Entered Level 1 of the Orcish Mines
 21380 | Orc:1    | Found Rellohote's Weapon Boutique.
 21406 | Orc:1    | Found a roughly hewn altar of Beogh.
 21513 | Orc:2    | Entered Level 2 of the Orcish Mines
 21750 | Orc:2    | Found a roughly hewn altar of Beogh.
 21802 | Orc:2    | Found a roughly hewn altar of Beogh.
 21834 | Orc:2    | Found Cothruk's Assorted Antiques.
 21884 | Orc:2    | Noticed an orc warlord
 22052 | Orc:2    | Killed an orc warlord
 22052 | Orc:2    | Reached XP level 16. HP: 101/104 MP: 22/22
 22184 | Orc:2    | Found a staircase to the Elven Halls.
 22355 | Orc:2    | Found Rateff's Antique Armour Shop.
 22484 | Orc:2    | Found a roughly hewn altar of Beogh.
 22506 | Orc:2    | Found Kixesch's Antique Weapon Boutique.
 22507 | Orc:2    | Found a roughly hewn altar of Beogh.
 22527 | Orc:2    | Bought a glowing helmet for 325 gold pieces
 22601 | Orc:2    | Found a roughly hewn altar of Beogh.
 22621 | Orc:2    | Found Xanaagey's General Store.
 22640 | Orc:2    | Bought a scroll of enchant weapon for 112 gold pieces
 22687 | Orc:2    | Found a roughly hewn altar of Beogh.
 22775 | Orc:2    | Found a roughly hewn altar of Beogh.
 23029 | Snake:1  | Entered Level 1 of the Snake Pit
 23033 | Snake:1  | Noticed antares's ghost (adept HEAE)
 23212 | Snake:1  | Killed antares's ghost
 23217 | Snake:1  | Reached skill level 5 in Spellcasting
 23317 | Snake:1  | Noticed Roxanne
 23436 | Snake:1  | Killed Roxanne
 23436 | Snake:1  | Reached skill level 5 in Air Magic
 23437 | Snake:1  | Identified Roxanne's Tome of Clay (You took it off Roxanne on level 1 of the Snake Pit)
 23443 | Snake:1  | Learned a level 3 spell: Stone Arrow
 24093 | Snake:2  | Reached skill level 1 in Earth Magic
 24287 | Snake:2  | Noticed a nagaraja
 24291 | Snake:2  | Noticed a nagaraja
 24320 | Snake:2  | Killed a nagaraja
 24330 | Snake:2  | Killed a nagaraja
 24408 | Snake:2  | Noticed a nagaraja
 24424 | Snake:2  | Killed a nagaraja
 24495 | Snake:2  | Found Ommoh's Jewellery Emporium.
 24504 | Snake:2  | Found Faschiuk's Gadget Boutique.
 24505 | Snake:2  | Found Cariakergh's Jewellery Emporium.
 24712 | Snake:2  | Reached XP level 17. HP: 110/110 MP: 25/25
 24971 | Snake:2  | Reached skill level 15 in Shields
 25206 | Snake:3  | Found Tudiez's Assorted Antiques.
 25286 | Snake:3  | Found Wannopt's Assorted Antiques.
 25296 | Snake:3  | Bought an ancient great mace for 471 gold pieces
 25296 | Snake:3  | Bought a spiked shield for 389 gold pieces
 25306 | Snake:3  | Identified the +4 shield of Voimmut {*Corrode rPois rN++ MR+ Dex-3} (You bought it in a shop on level 3 of the Snake Pit)
 25338 | Snake:3  | Identified the +4 great mace of Vymadwaeru {flame, rF+ Dex-5 SInv} (You bought it in a shop on level 3 of the Snake Pit)
 25644 | Snake:3  | Reached skill level 15 in Maces & Flails
 26040 | Snake:4  | Entered Level 4 of the Snake Pit
 26246 | Snake:4  | Noticed Aizul
 26266 | Snake:4  | Killed Aizul
 26565 | Snake:4  | Found Eguimig's Antique Weapon Shop.
 26570 | Snake:4  | Found Heuv Wuy's Antique Weapon Shop.
 26617 | Snake:4  | Bought a jewelled flail for 297 gold pieces
 26617 | Snake:4  | Identified the +1 flail of Beogh {pain, Int+4} (You bought it in a shop on level 4 of the Snake Pit)
 26845 | Snake:4  | Reached skill level 15 in Armour
 26855 | Snake:4  | Reached XP level 18. HP: 117/117 MP: 27/27
 27766 | Snake:4  | Got a serpentine rune of Zot
 28060 | Swamp:1  | Entered Level 1 of the Swamp
 28103 | Swamp:1  | Noticed unrecovered's ghost (journeyman DrTm)
 28106 | Swamp:1  | Gained mutation: You have sharp toenails. [potion of beneficial mutation]
 28136 | Swamp:1  | Killed unrecovered's ghost
 28658 | Swamp:1  | Reached skill level 16 in Shields
 29580 | Swamp:3  | Identified Xiag's Almanac of Flying Confrontation
 29913 | Swamp:3  | Reached skill level 15 in Fighting
 30204 | Swamp:4  | Entered Level 4 of the Swamp
 30611 | Swamp:4  | Reached skill level 5 in Earth Magic
 30719 | Swamp:4  | Noticed a bone dragon
 30746 | Swamp:4  | Killed a bone dragon
 30763 | Swamp:4  | Reached XP level 19. HP: 82/124 MP: 29/29
 30778 | Swamp:4  | Got a decaying rune of Zot
 31114 | Vaults:1 | Entered Level 1 of the Vaults
 31181 | Vaults:1 | Noticed Snu's ghost (adept FeEn)
 31260 | Vaults:1 | Killed Snu's ghost
 31859 | Vaults:1 | Noticed Nikola
 31925 | Vaults:1 | Killed Nikola
 32081 | Vaults:1 | Paralysed by an ogre mage for 7 turns
 32223 | Vaults:1 | Paralysed by an ogre mage for 6 turns
 32476 | Vaults:1 | Got a sparkling platinum ring
 32477 | Vaults:1 | Identified the ring "Sijeab" {Dex+4 Stlth-} (You found it on level 1 of the Vaults)
 32494 | Vaults:1 | Identified the +0 shield of Weirdness {rPois Str+4} (You found it on level 1 of the Vaults)
 33379 | Vaults:2 | Reached skill level 17 in Shields
 33479 | Vaults:2 | Found a staircase to the Crypt.
 33482 | Vaults:2 | Reached XP level 20. HP: 105/131 MP: 31/31
 34881 | Vaults:3 | Slain by a deep troll simulacrum

Skill      XL: |  1  2  3  4  5  6  7  8  9 10 11 12 13 14 15 16 17 18 19 20 |
---------------+-------------------------------------------------------------+-----
Armour         | 4 5 6 7 9 10 11 12 13 14 15 16 | 16.5
Shields        | 4 5 6 8 9 10 12 13 14 15 16 17 | 17.1
Fighting       | 4 5 7 8 10 11 12 13 14 15 16 | 16.1
Maces & Flails | 3 5 6 7 8 10 11 12 13 14 15 16 | 16.5
Stealth        | 1 2 |  2.1
Dodging        | 1 2 |  2.3
Conjurations   | 3 4 6 7 8 9 |  9.6
Spellcasting   | 2 3 4 5 6 7 |  7.9
Air Magic      | 2 3 4 5 6 7 |  7.3
Poison Magic   | 2 4 5 6 7 8 |  8.7
Earth Magic    | 1 3 5 6 |  6.9
Evocations     | |  0.1

Action                   |  1- 3 |  4- 6 |  7- 9 | 10-12 | 13-15 | 16-18 | 19-21 || total
-------------------------+-------+-------+-------+-------+-------+-------+-------++-------
Melee: Flail             |   156 |    94 |       |       |   692 |  2116 |  1094 ||  4152
       Whip              |       |       |   476 |   858 |  1900 |       |       ||  3234
 Cast: Stone Arrow       |       |       |       |       |       |       |     1 ||     1
 Abil: Fly               |       |       |       |       |     1 |       |       ||     1
Evoke: Wand              |       |       |       |     1 |     1 |       |       ||     2
       Phial of floods   |       |       |       |       |       |     1 |       ||     1
  Use: Scroll            |     3 |     4 |    11 |     8 |    13 |    17 |     3 ||    59
       Potion            |     3 |     4 |     3 |     6 |     7 |     4 |     3 ||    30
 Stab: Petrified         |       |       |       |       |     3 |       |       ||     3
       Petrifying        |       |       |       |       |     1 |       |       ||     1
       Invisible         |       |       |       |       |       |     5 |       ||     5
  Eat: Chunk             |     1 |     4 |    12 |    18 |    33 |    18 |    11 ||    97
       Meat ration       |       |       |       |       |     1 |     2 |     1 ||     4
       Fruit             |       |       |       |       |     1 |       |       ||     1
       Pizza             |       |       |       |       |       |     2 |       ||     2
Armor: Scale mail        |   100 |       |       |       |       |       |       ||   100
       Chain mail        |    21 |    52 |   165 |       |       |       |       ||   238
       Plate armour      |       |       |    79 |   359 |  1251 |  1537 |   542 ||  3768
Dodge: Dodged            |    42 |    21 |    79 |   104 |   516 |   493 |   168 ||  1423
Block: Shield            |   100 |    49 |   212 |   343 |  1670 |  1312 |    88 ||  3774
       Reflection        |       |       |       |       |    36 |   219 |    43 ||   298
       Large shield      |       |       |       |       |       |  1408 |  1123 ||  2531
       Other             |       |       |       |       |       |     1 |       ||     1
